 Dungeon Crawl Stone Soup version 0.26.1-11-gd32895ea62 (webtiles) character file.

Game seed: 7115436509708216496

107 mankey1987 the Cudgeller (level 4, -1/72 HPs)
             Began as an Ogre Berserker on May 26, 2021.
             Was a Believer of Trog.
             Slain by an orc
             ... wielding a +0 flail
              (6 damage)
             ... on level 2 of the Dungeon.
             The game lasted 00:02:51 (2710 turns).

mankey1987 the Cudgeller (Ogre Berserker)           Turns: 2710, Time: 00:02:51

Health: -1/72      AC:  3    Str: 21    XL:     4   Next: 85%
Magic:  4/4        EV: 11    Int:  8    God:    Trog [**....]
Gold:   135        SH:  0    Dex:  9    Spells: 3/3 levels left

rFire    . . .     SeeInvis .   a - +1 mace
rCold    . . .     Faith    +   (no shield)
rNeg     . . .     Spirit   .   b - +0 animal skin
rPois    .         Reflect  .   (helmet restricted)
rElec    .         Harm     .   (no cloak)
rCorr    .         Rampage  .   (gloves unavailable)
Will     ++...                  (boots unavailable)
Stlth    ..........             h - amulet of faith
HPRegen  1.22/turn              (no ring)
MPRegen  0.09/turn              (no ring)

@: berserking, regenerating, very quick
A: large, unfitting armour, tough skin 1
a: Renounce Religion, Berserk, Trog's Hand


You were on level 2 of the Dungeon.
You worshipped Trog.
Trog was pleased with you.
You visited 1 branch of the dungeon, and saw 3 of its levels.

You collected 135 gold pieces.

Inventory:

Hand Weapons
 a - a +1 mace (weapon)
Armour
 b - a +0 animal skin (worn)
Jewellery
 h - an amulet of faith (around neck)
Wands
 m - a wand of flame (9)
Scrolls
 d - 2 scrolls of teleportation
 i - a scroll of magic mapping
 k - a scroll of noise {unknown}
 l - a scroll of fog
Potions
 c - a potion of attraction
 e - 2 potions of invisibility {unknown}
 f - a potion of heal wounds
 g - a potion of curing {unknown}
 j - a potion of magic {unknown}
 n - a potion of degeneration {unknown}


   Skills:
 - Level 4.0 Fighting
 * Level 4.3 Maces & Flails
 + Level 3.5 Dodging


You had 3 spell levels left.
You didn't know any spells.
Your spell library was empty.

Dungeon Overview and Level Annotations

Branches:
Dungeon (3/15)

Altars:


Innate Abilities, Weirdness & Mutations

You are too large for most types of armour.
You have tough skin. (AC +1)


Message History

Trog appreciates your killing of a magic user.
The orc hits you with a +0 hand axe. The orc closely misses you.
Things that are here:
a +0 dagger; a +0 robe You barely miss the orc.
The orc hits you with a +0 flail!
* * * LOW HITPOINT WARNING * * *
You closely miss the orc. The orc hits you with a +0 flail!
* * * LOW HITPOINT WARNING * * *
You hit the orc but do no damage. The orc misses you.
The orc closely misses you.
You hit the orc.
The orc is moderately wounded.
The orc barely misses you. The orc hits you but does no damage.
Your skin crawls.
You feel strong-willed. The orc barely misses you.
A red film seems to cover your vision as you go berserk!
You feel yourself moving faster!
You feel mighty! The orc barely misses you. The orc hits you with a +0 flail.
You die...

########### #....[....#
#.........# #.........#
###.........######
..'.........'.>o@#
###.........##.#o#
###...†.....##.#.#
..'.........##.#.#
###.........##.#.#
#.........##.#.################
###.........##.#................#
.....#+#######.#.###########.####
####.#.## #.....######## #.#


You could see 2 orcs.

Vanquished Creatures
  Jessica (D:2)
  An orc wizard (D:2)
  An adder (D:2)
  2 worms (D:2)
  A dart slug (D:1)
  2 leopard geckos (D:1)
  A giant cockroach (D:1)
  5 goblins (D:1)
  3 hobgoblins
  4 jackals (D:2)
  5 bats
  5 frilled lizards
  4 kobolds
  6 rats
41 creatures vanquished.

Notes
Turn   | Place    | Note
-------+----------+-------------------------------------------
     0 | D:1      | mankey1987 the Ogre Berserker began the quest for the Orb.
     0 | D:1      | Reached XP level 1. HP: 24/24 MP: 1/1
   284 | D:1      | Reached XP level 2. HP: 9/32 MP: 2/2
  1185 | D:1      | Reached XP level 3. HP: 33/39 MP: 3/3
  1669 | D:2      | Reached ** piety under Trog
  2253 | D:2      | Noticed Jessica
  2258 | D:2      | Killed Jessica
  2259 | D:2      | Reached XP level 4. HP: 48/48 MP: 4/4
  2706 | D:2      | HP: 1/48 [orc/+0 flail (7)]
  2710 | D:2      | Slain by an orc

Illustrated notes

Levels and vault maps discovered:
D:1:      amcnicky_arrival_choice, layout_basic, kennysheep_nondescript,
          st_stairs_9
D:2:      layout_basic, uniq_jessica
D:3:      layout_loops_ring, chequers_ecumenical_altar_island,
          nicolae_dithmenos_shadow_blocks

Skill      XL: |  1  2  3 |
---------------+----------+-----
Maces & Flails | 3 4 |  4.3
Dodging        | 3 |  3.5
Fighting       | |  4.0

Action                   |  1- 3 |  4- 6 || total
-------------------------+-------+-------++-------
Melee: Mace              |   112 |    43 ||   155
Invok: Berserk           |     1 |     1 ||     2
       Trog's Hand       |       |     1 ||     1
  Use: Scroll            |     4 |     3 ||     7
Armor: Animal skin       |    60 |    35 ||    95
Dodge: Dodged            |    82 |    54 ||   136
